 Dungeon Crawl Stone Soup version 0.31-a0-1074-g0b22e4e0f1 (webtiles) character file.

Game seed: 1329981565851141567

33 tbh1313 the Digger (level 3, -8/19 HPs)
             Began as a Gargoyle Earth Elementalist on Dec 8, 2023.
             Mangled by Crazy Yiuf
             ... wielding a +3 quarterstaff of chaos
              (12 damage)
             ... on level 2 of the Dungeon.
             The game lasted 00:03:51 (826 turns).

tbh1313 the Digger (Gargoyle Earth Elementalist)     Turns: 826, Time: 00:03:52

Health: -8/19      AC:  5    Str: 11    XL:     3   Next: 29%
Magic:  6/6        EV: 16    Int: 17    God:
Gold:   61         SH:  0    Dex: 10    Spells: 2/6 levels left

rFire   + + .        a - +0 dagger
rCold   + . .        (no shield)
rNeg    + . .        c - +0 robe
rPois   ∞            (no helmet)
rElec   +            (no cloak)
rCorr   +            (no gloves)
SInv    .            (no boots)
Will    .....        (no amulet)
Stlth   ++           h - +5 ring of evasion
HPRegen 0.23/turn    f - ring of protection from fire
MPRegen 0.10/turn

%: no passive effects
@: mighty, resistant
A: sickness immunity, AC +3, negative energy resistance 1, electricity
resistance, torment resistance 1, petrification resistance
a: no special abilities


You were on level 2 of the Dungeon.
You visited 1 branch of the dungeon, and saw 2 of its levels.

You collected 61 gold pieces.

Inventory:

Hand Weapons
 a - a +0 dagger (weapon)
 v - a +1 falchion of holy wrath
Armour
 c - a +0 robe (worn)
Jewellery
 f - a ring of protection from fire (right hand)
 h - a +5 ring of evasion (left hand)
Potions
 b - a potion of magic


   Skills:
 - Level 1.5 Dodging
 - Level 2.1 Stealth
 + Level 2.0 Spellcasting
 - Level 0.7 Transmutations
 + Level 5.1 Earth Magic


You had 2 spell levels left.
You knew the following spells:

 Your Spells              Type           Power      Damage    Failure   Level
a - Sandblast             Erth           38%        2d10      2%          1
b - Stone Arrow           Conj/Erth      20%        3d8       21%         3

Your spell library contained the following spells:

 Spells                   Type           Power      Damage    Failure   Level
 Passwall                 Tmut/Erth      9%         N/A       9%          2
 Slow                     Hex            4%         N/A       19%         1
 Petrify                  Tmut/Erth      11%        N/A       50%         4
 Brom's Barrelling Bould  Conj/Erth      10%        2d3       54%         4
 Leda's Liquefaction      Hex/Erth       5%         N/A       54%         4
 Vhi's Electric Charge    Tloc/Air       2%         N/A       88%         4
 Yara's Violent Unravell  Hex/Tmut       1%         3d3       99%         5


Dungeon Overview and Level Annotations

Branches:
Dungeon (2/15)

Altars:

Annotations:
D:2 Crazy Yiuf


Innate Abilities, Weirdness & Mutations

You are immune to sickness and miasma.
Your stone body is resilient. (AC +3)
You are immune to poison.
You resist negative energy. (rN+)
You are resistant to electric shocks. (rElec)
You are resistant to unholy torment.
You are immune to petrification.


Message History

v - a +1 falchion of holy wrath You now have 52 gold pieces (gained 11).
You now have 61 gold pieces (gained 9).
f - a ring of protection from fire
f - a ring of protection from fire (right hand)
Found a stone staircase leading up.
Found a stone staircase leading down.
i - 2 scrolls labelled ISIRYSK EWAYRPH (gained 1)
A bat comes into view.
The bat moves out of view.
There is a stone staircase leading down here.
As you read the scroll labelled ISIRYSK EWAYRPH, it crumbles to dust.
It is a scroll of identify.
d - a potion of might
As you read the scroll of identify, it crumbles to dust.
e - a potion of resistance No target in view!
The blast of sand hits the bat!
You kill the bat!
Found a hammer.
Found two hammers.
You see here a +0 hammer.
Found a hammer.
Found a runed translucent door.
Crazy Yiuf shouts!
You open the door.
You feel very mighty all of a sudden. Crazy Yiuf misses you.
You barely miss Crazy Yiuf.
Crazy Yiuf twirls on the spot.
Crazy Yiuf completely misses you.
You hit Crazy Yiuf.
Crazy Yiuf is moderately wounded.
Crazy Yiuf hits you with a +3 quarterstaff of chaos!
Ouch! That really hurt!
* * * LOW HITPOINT WARNING * * *
You feel protected.
Crazy Yiuf grits, "Fluff chair horse!"
Crazy Yiuf hits you with a +3 quarterstaff of chaos!
Ouch! That really hurt!
You die...

#....#.#
#....#.#
#......#
#.###..##
#####
#.......#
#)..#
#.......#
#...#
####.......#
...
.........#.#
#g#
####.......#
♣@♣♣ #
#.....#.#
♣♣.♣ #
#....##.#
♣.♣♣
####....##.#
♣♣.♣
..##.......#
♣♣.♣♣
..##.....#.#
♣♣P..♣
..##.......#
♣.)P)♣
..##.....###
#.)..#
..##.....#
#....#


You could see Crazy Yiuf.

Levels and vault maps discovered:
D:1:      wander_arrival_abandoned_jail, layout_rooms, serial_forest,
          infiniplex_forest_lined_1, infiniplex_forest_3_way,
          infiniplex_forest_lined_room_3, infiniplex_forest_zigzag_1,
          infiniplex_forest_lined_3, infiniplex_forest_clump_curved,
          infiniplex_forest_lined_3_way, infiniplex_forest_corner_2,
          infiniplex_forest_lined_2
D:2:      layout_loops_cross, basic_altar, reono_crystal_passage,
          kennysheep_jessica_study, uniq_crazy_yiuf_cottage

Notes
Turn   | Place    | Note
-------+----------+-------------------------------------------
     0 | D:1      | tbh1313 the Gargoyle Earth Elementalist began the quest for
                  | the Orb.
     0 | D:1      | Reached XP level 1. HP: 10/10 MP: 3/3
   112 | D:1      | Reached skill level 4 in Earth Magic
   179 | D:1      | Reached XP level 2. HP: 15/15 MP: 1/5
   382 | D:1      | Reached XP level 3. HP: 16/19 MP: 4/6
   412 | D:1      | Got the Almanac of the Bruised Tales
   417 | D:1      | Learned a level 3 spell: Stone Arrow
   440 | D:1      | Reached skill level 5 in Earth Magic
   818 | D:2      | Found a runed translucent door.
   819 | D:2      | Noticed Crazy Yiuf
   826 | D:2      | Mangled by Crazy Yiuf

Table legend: (Time is in decaauts)
 A = Elapsed time spent in this place.
 B = Non-inter-level travel time spent in this place.
 C = Inter-level travel time spent in this place.
 D = Time resting spent in this place.
 E = Time spent auto-exploring this place.
 F = Levels seen in this place.
 G = Mean time per level.
                   A        B        C        D        E       F      G
               +--------+--------+--------+--------+--------+-----+--------+
         Total |    837 |    812 |     25 |     49 |    591 |   2 |  418.5 |
       Dungeon |    837 |    812 |     25 |     49 |    591 |   2 |  418.5 |
               +--------+--------+--------+--------+--------+-----+--------+

Top non-repeatable levels by time:
     D:1: 635 daAuts
     D:2: 202 daAuts

Table legend:
 A = Kills in this place as a percentage of kills in the entire game.
 B = Kills by you in this place as a percentage of kills by you in the entire game.
 C = Kills by friends in this place as a percentage of kills by friends in the entire game.
 D = Other kills in this place as a percentage of other kills in the entire game.
 E = Experience gained in this place as a percentage of experience gained in the entire game.
 F = Experience gained in this place divided by the number of levels of this place that you have seen.
                   A       B       C       D       E      F
               +-------+-------+-------+-------+-------+----------------------
         Total | 100.0 | 100.0 |   N/A |   N/A | 100.0 |  24.0
       Dungeon | 100.0 | 100.0 |   N/A |   N/A | 100.0 |  24.0
               +-------+-------+-------+-------+-------+----------------------

Action                     || total
---------------------------++-------
  Melee: Dagger            ||    27
   Cast: Sandblast         ||    25
    Use: Scroll            ||     4
         Potion            ||     2
   Stab: Sleeping          ||     1
 Armour: Robe              ||    23
  Dodge: Dodged            ||    20

Vanquished Creatures
  3 dart slugs (D:1)
  3 endoplasms
  3 goblins (D:1)
  3 hobgoblins
  2 kobolds (D:1)
  A quokka (D:1)
  2 ball pythons
  5 bats
  A frilled lizard (D:1)
  3 rats (D:1)
26 creatures vanquished.
